 Dungeon Crawl Stone Soup version 0.31.0-32-g396128a36d (webtiles) character file.

Game seed: 14133562842547557185

501 JackalopeRider the Trooper (level 7, 0/50 HPs)
             Began as an Octopode Shapeshifter on Mar 29, 2024.
             Slain by a river rat (7 damage)
             ... in a sewer.
             The game lasted 00:06:23 (3121 turns).

JackalopeRider the Trooper (Octopode Shapeshifter)  Turns: 3121, Time: 00:06:23

Health: 0/50       AC:  1    Str: 13    XL:     7   Next: 17%
Magic:  7/7        EV: 10    Int: 15    God:
Gold:   200        SH:  0    Dex: 11    Spells: 6/6 levels left

rFire   + .          .
                       - Unarmed
rCold   + . .        (no shield)
rNeg    . . .        (helmet currently unavailable)
rPois   +            s - amulet of regeneration
rElec   +            L - ring of flight
rCorr   +            (no ring)
SInv    .            (no ring)
Will    .....        (no ring)
Stlth   +++          (no ring)
HPRegen 1.08/turn    (no ring)
MPRegen 0.10/turn    (no ring)
                     (no ring)

%: no passive effects
@: beast-form, resistant, flying, constricted
A: beast (slay +3), almost no armour, amphibious, 8 rings, camouflage 1,
gelatinous body 1, nimble swimmer 1, tentacles
a: Begin Untransformation


You were in a sewer.
You were a hulking beast.
You visited 1 branch of the dungeon, and saw 4 of its levels.
You also visited: Sewer.

You collected 200 gold pieces.


Innate Abilities, Weirdness & Mutations

You are a hulking beast.
Your limbs bulge with bestial killing power. (Slay +3)
You cannot wear most types of armour.
You are amphibious.
You can wear up to eight rings at the same time.
Your skin changes colour to match your surroundings (Stealth+).
Your rubbery body absorbs attacks. (AC +1, EV +1)
You are camouflaged when in or above water. (Stealth+)
You have tentacles for arms and can constrict up to eight enemies at once.


   Skills:
 + Level 5.4 Fighting
 - Level 2.0 Dodging
 - Level 3.0 Unarmed Combat
 + Level 5.3 Shapeshifting


You had 6 spell levels left.
You didn't know any spells.
Your spell library contained the following spells:

 Spells                   Type           Power      Damage    Failure   Level
 Haunt                    Necr/Summ      0%         N/A       100%        7
 Borgnjor's Revivificati  Necr           0%         N/A       100%        8
 Death's Door             Necr           0%         N/A       100%        9

Inventory:

Missiles
 j - 10 poisoned darts (quivered)
 o - a throwing net {=f}
Magical Staves
 l - a staff of death {!a}
Jewellery
 s - an amulet of regeneration (around mantle)
 L - a ring of flight (left tentacle)
Talismans
 b - a beast talisman
 c - a flux talisman
 k - a blade talisman
Scrolls
 e - a scroll of enchant weapon {unknown}
 f - a scroll of noise {unknown}
 i - a scroll of brand weapon {unknown}
 n - a scroll of amnesia {unknown}
 p - a scroll of silence {unknown}
 q - 2 scrolls of identify {unknown}
 r - a scroll of vulnerability {unknown}
Potions
 a - 2 potions of resistance
 d - 2 potions of heal wounds {unknown}
 g - a potion of brilliance {unknown}
 h - 2 potions of enlightenment {unknown}
 m - a potion of curing {@q1}
 t - a potion of might {unknown}

Dungeon Overview and Level Annotations

Branches:
Dungeon (4/15)              Sewer (1/1)
 Temple: D:4-7

Altars:

Annotations:
D:3 Grinder, Ijyb

~~~≈▒ ▒≈≈~≈≈≈#
≈~#≈▒ ▒≈≈≈~~≈#
~≈~~▒ ▒≈≈≈~~~▒
≈≈~≈▒ ▒≈≈~~~~▒
≈≈~~▒ ▒≈~.r~#▒
≈≈≈.▒ ▒~...~≈▒
≈≈~~▒ ▒#..~†S▒
≈≈~~▒ ▒~~r≈Sr▒
~≈~≈# ▒~~≈~Sh▒
≈†≈~▒ #~~~~l≈▒
≈~≈≈▒ ▒≈~≈~≈≈▒
~~~≈▒ ▒≈≈≈≈~~#
~≈≈≈# ▒≈≈≈≈~≈▒
~~≈≈▒ ▒▒▒▒▒≈~≈≈~~#
~~.#▒ ▒..▒##.~.~.#
....▒▒▒..▒#......▒
.....##†▒▒......▒▒


You could see a river rat, 3 ball pythons, a frilled lizard and 2 rats.


Message History

The river rat bites you!
* * * LOW HITPOINT WARNING * * *
The ball python bites you.
* * * LOW HITPOINT WARNING * * *
The ball python constricts you.
* * * LOW HITPOINT WARNING * * *
The ball python closely misses you.
You barely miss the river rat. Your grab misses the river rat.
Your squeeze misses the river rat.
The river rat is lightly wounded.
The river rat bites you.
* * * LOW HITPOINT WARNING * * *
The ball python bites you.
* * * LOW HITPOINT WARNING * * *
The ball python constricts you. The ball python bites you.
* * * LOW HITPOINT WARNING * * *
It was a potion of resistance.
You feel protected. The ball python bites you.
* * * LOW HITPOINT WARNING * * *
The river rat bites you.
* * * LOW HITPOINT WARNING * * *
The ball python bites you.
* * * LOW HITPOINT WARNING * * *
The ball python constricts you.
It was a potion of curing.
You feel better. The ball python bites you.
* * * LOW HITPOINT WARNING * * *
The ball python barely misses you. The ball python constricts you.
The river rat bites you!
You die...

Skill      XL: |  1  2  3  4  5  6 |
---------------+-------------------+-----
Fighting       | 2 3 4 5 |  5.4
Shapeshifting  | 4 5 |  5.3
Dodging        | |  2.0
Unarmed Combat | |  3.0

Action                     |  1- 3 |  4- 6 |  7- 9 || total
---------------------------+-------+-------+-------++-------
  Melee: Unarmed           |    36 |   112 |    61 ||   209
         Constrict         |     7 |    25 |    14 ||    46
         Tentacles         |    11 |    22 |     9 ||    42
         Punch             |       |     7 |       ||     7
  Throw: Dart              |       |     5 |       ||     5
    Use: Potion            |       |     1 |     2 ||     3
   Stab: Sleeping          |     2 |     6 |       ||     8
         Distracted        |       |       |     1 ||     1
 Armour: Skin              |    13 |    61 |    54 ||   128
  Dodge: Dodged            |    26 |    51 |    63 ||   140

Levels and vault maps discovered:
D:1:      dpeg_arrival_short_road, layout_basic
D:2:      layout_basic, minmay_misc_feat_x, minmay_vboxes
D:3:      layout_loops_ring, kennysheep_slug_shrine,
          dreamdust_ecumenical_altar_angels_and_demons, uniq_grinder, uniq_ijyb
D:4:      layout_basic, jmf_multi_god_temple, gup_sewer_entry_bubbles,
          guppyfry_shop_venom, uniq_duvessa
Sewer:    sewer_minmay_w

Notes
Turn   | Place    | Note
-------+----------+-------------------------------------------
     0 | D:1      | JackalopeRider the Octopode Shapeshifter began the quest
                  | for the Orb.
     0 | D:1      | Reached XP level 1. HP: 13/13 MP: 1/1
   347 | D:1      | Reached skill level 2 in Fighting
   347 | D:1      | Reached XP level 2. HP: 19/19 MP: 2/2
   896 | D:2      | Reached XP level 3. HP: 15/25 MP: 3/3
   959 | D:2      | Reached skill level 3 in Fighting
  1152 | D:2      | Reached XP level 4. HP: 31/31 MP: 4/4
  1789 | D:3      | Reached skill level 4 in Fighting
  1789 | D:3      | Reached XP level 5. HP: 37/37 MP: 5/5
  1840 | D:3      | Reached skill level 4 in Shapeshifting
  1952 | D:3      | Noticed Ijyb
  2037 | D:3      | Noticed Grinder
  2037 | D:3      | Paralysed by Grinder for 4 turns
  2481 | D:4      | Reached XP level 6. HP: 6/44 MP: 6/6
  2582 | D:4      | Noticed Duvessa
  2582 | D:4      | Noticed Dowan
  2597 | D:4      | Killed Dowan
  2614 | D:4      | Killed Duvessa
  2615 | D:4      | Reached skill level 5 in Fighting
  2615 | D:4      | Reached skill level 5 in Shapeshifting
  2677 | D:4      | Reached XP level 7. HP: 50/50 MP: 7/7
  2681 | D:4      | Found a glowing drain.
  2692 | Sewer    | Entered a sewer
  3120 | Sewer    | Identified 3 potions of resistance
  3120 | Sewer    | HP: 4/50 [river rat (6)]
  3121 | Sewer    | Slain by a river rat

Vanquished Creatures
  Duvessa (D:4)
  Dowan (D:4)
  2 bombardier beetles (D:3)
  A hound (D:4)
  2 iguanas
  4 gnolls (D:4)
  3 river rats (Sewer)
  6 adders
  3 ribbon worms
  3 orcs
  14 ball pythons
  6 endoplasms
  4 giant cockroaches
  4 goblins
  4 hobgoblins
  A jackal (D:2)
  5 kobolds
  2 quokkas
  5 bats
  3 frilled lizards (D:2)
  24 rats
98 creatures vanquished.

Table legend: (Time is in decaauts)
 A = Elapsed time spent in this place.
 B = Non-inter-level travel time spent in this place.
 C = Inter-level travel time spent in this place.
 D = Time resting spent in this place.
 E = Time spent auto-exploring this place.
 F = Levels seen in this place.
 G = Mean time per level.
                   A        B        C        D        E       F      G
               +--------+--------+--------+--------+--------+-----+--------+
         Total |   3109 |   2932 |    177 |    582 |   1546 |   5 |  621.8 |
       Dungeon |   2684 |   2507 |    177 |    338 |   1490 |   4 |  671.0 |
         Sewer |    425 |    425 |      0 |    244 |     56 |   1 |  425.0 |
               +--------+--------+--------+--------+--------+-----+--------+

Top non-repeatable levels by time:
     D:2: 920 daAuts
     D:1: 863 daAuts
     D:3: 499 daAuts
   Sewer: 425 daAuts
     D:4: 401 daAuts

Table legend:
 A = Non-vault XP
 B = Vault XP
 C = Vault XP percentage of total XP
 D = Non-vault monster count
 E = Vault monster count
 F = Vault count percentage of total count
                 A         B        C        D         E       F
            +---------+---------+-------+---------+---------+-------
      Total |     395 |     322 |  44.9 |      58 |      40 |  40.8
            +---------+---------+-------+---------+---------+-------
        D:1 |      14 |       0 |   0.0 |      10 |       0 |   0.0
        D:2 |      81 |       5 |   5.8 |      18 |       3 |  14.3
        D:3 |     136 |       0 |   0.0 |      15 |       0 |   0.0
        D:4 |     164 |     232 |  58.6 |      15 |       8 |  34.8
      Sewer |       0 |      85 | 100.0 |       0 |      29 | 100.0
            +---------+---------+-------+---------+---------+-------
